| TOP OF THE 1ST |
|
Louisville Bats batting - Pitching for Reno Aces : LHP Rene Eenkhoorn
|
|
Pitching: LHP Rene Eenkhoorn
|
|
|
Batting: RHB Solange Le Coq
|
0-0: Fly out, F8 (Flyball, 8RM, EV 95.0 MPH)
|
|
Batting: SHB Paul Sandoval
|
0-0: Ball 1-0: Bunted foul 1-1: Foul Ball, location: 2F 1-2: Strikes out looking
|
|
Batting: RHB Bruno André
|
0-0: Ball 1-0: Ball 2-0: Foul Ball, location: 2F 2-1: Swinging Strike 2-2: Foul Ball, location: 2F 2-2: Ball 3-2: DOUBLE (Line Drive, 3D, EV 96.2 MPH) - OUT at third base trying to stretch hit.
|
| Top of the 1st over - 0 runs, 1 hit, 0 errors, 0 left on base; Louisville 0 - Reno 0 |
| BOTTOM OF THE 1ST |
|
Reno Aces batting - Pitching for Louisville Bats : RHP Hideki Kobayashi
|
|
Pitching: RHP Hideki Kobayashi
|
|
|
Batting: RHB Jon Solano
|
0-0: Ball 1-0: Called Strike 1-1: Ball 2-1: Fly out, F9 (Flyball, 89D, EV 86.9 MPH)
|
|
Batting: LHB Kyle Beaulieu
|
0-0: Called Strike 0-1: Foul Ball, location: 2F 0-2: Foul Ball, location: 2F 0-2: Ball 1-2: Ball 2-2: Ball 3-2: Foul Ball, location: 2F 3-2: Fly out, F6 (Line Drive, 6M, EV 64.4 MPH)
|
|
Batting: RHB Dave Vargas
|
0-0: Ball 1-0: Ball 2-0: Ball 3-0: Called Strike 3-1: Ground out 3-1 (Groundball, 34S, EV 71.2 MPH)
|
| Bottom of the 1st over - 0 runs, 0 hits, 0 errors, 0 left on base; Louisville 0 - Reno 0 |
| TOP OF THE 2ND |
|
Louisville Bats batting - Pitching for Reno Aces : LHP Rene Eenkhoorn
|
|
Batting: SHB Freddie Farrar
|
0-0: Called Strike 0-1: Ball 1-1: SINGLE (Groundball, 56D, EV 94.4 MPH)
|
|
Batting: RHB Chase Briney
|
0-0: Grounds into double play, 6-4-3 (Groundball, 6, EV 100.0 MPH)
|
|
Batting: LHB Jake Bill
|
0-0: Fly out, F8 (Flyball, 78D, EV 91.2 MPH)
|
| Top of the 2nd over - 0 runs, 1 hit, 0 errors, 0 left on base; Louisville 0 - Reno 0 |
| BOTTOM OF THE 2ND |
|
Reno Aces batting - Pitching for Louisville Bats : RHP Hideki Kobayashi
|
|
Batting: LHB Jeff Taylor
|
0-0: Ball 1-0: Ball 2-0: Foul Ball, location: 2F 2-1: Ball 3-1: Base on Balls
|
|
Batting: RHB Ji-an Li
|
0-0: Called Strike 0-1: Ball Jeff Taylor is caught stealing 2nd base 2-4 1-1: Ball 2-1: Swinging Strike 2-2: Foul Ball, location: 2F 2-2: Strikes out swinging
|
|
Batting: LHB Ian Jarvis
|
0-0: Ball 1-0: Ball 2-0: Fly out, F9 (Flyball, 89D, EV 81.2 MPH)
|
| Bottom of the 2nd over - 0 runs, 0 hits, 0 errors, 0 left on base; Louisville 0 - Reno 0 |
| TOP OF THE 3RD |
|
Louisville Bats batting - Pitching for Reno Aces : LHP Rene Eenkhoorn
|
|
Batting: RHB Chris Zamora
|
0-0: DOUBLE (Line Drive, 89XD, EV 96.9 MPH)
|
|
Batting: RHB Steve Anderson
|
0-0: Called Strike 0-1: Ball 1-1: Foul Ball, location: 2F 1-2: Foul Ball, location: 2F 1-2: Ball 2-2: Foul Ball, location: 2F 2-2: Foul Ball, location: 2F 2-2: Ball 3-2: SINGLE (Flyball, 89S, EV 98.1 MPH) Chris Zamora to third
|
|
Batting: LHB Manny Ruvalcaba
|
0-0: Foul Ball, location: 2F 0-1: Ball 1-1: Foul Ball, location: 2F 1-2: Ground out 4-3 (Groundball, 34S, EV 75.0 MPH) Chris Zamora scores Steve Anderson to second
|
|
Batting: RHB Solange Le Coq
|
0-0: Called Strike 0-1: Foul Ball, location: 2F 0-2: Ground out 6-3 (Groundball, 56, EV 84.4 MPH)
|
|
Batting: SHB Paul Sandoval
|
0-0: Ball 1-0: Foul Ball, location: 2F 1-1: Ball 2-1: Called Strike 2-2: Foul Ball, location: 2F 2-2: Ball 3-2: Foul Ball, location: 2F 3-2: Fly out, F7 (Flyball, 78S, EV 84.4 MPH)
|
| Top of the 3rd over - 1 run, 2 hits, 0 errors, 1 left on base; Louisville 1 - Reno 0 |
| BOTTOM OF THE 3RD |
|
Reno Aces batting - Pitching for Louisville Bats : RHP Hideki Kobayashi
|
|
Batting: LHB Steve Reinhart
|
0-0: Fly out, F7 (Flyball, 78S, EV 90.0 MPH)
|
|
Batting: RHB Alex Vasquez
|
0-0: Ball 1-0: Ground out 6-3 (Groundball, 6S, EV 89.4 MPH)
|
|
Batting: RHB Juan Espinoza
|
0-0: Ball 1-0: SOLO HOME RUN (Flyball, 78XD, EV 110.6 MPH), Distance : 411 ft
|
|
Batting: RHB Jon Solano
|
0-0: Ball 1-0: Called Strike 1-1: Ball 2-1: Swinging Strike 2-2: Ball 3-2: Base on Balls
|
|
Batting: LHB Kyle Beaulieu
|
0-0: Ball 1-0: Ball 2-0: Ground out 4-3 (Groundball, 4D, EV 107.5 MPH)
|
| Bottom of the 3rd over - 1 run, 1 hit, 0 errors, 1 left on base; Louisville 1 - Reno 1 |
| TOP OF THE 4TH |
|
Louisville Bats batting - Pitching for Reno Aces : LHP Rene Eenkhoorn
|
|
Batting: RHB Bruno André
|
0-0: Called Strike 0-1: Swinging Strike 0-2: Ball 1-2: Strikes out swinging
|
|
Batting: SHB Freddie Farrar
|
0-0: Ball 1-0: Ground out 6-3 (Groundball, 6M, EV 88.8 MPH)
|
|
Batting: RHB Chase Briney
|
0-0: Ball 1-0: Swinging Strike 1-1: Foul Ball, location: 2F 1-2: Ground out 6-3 (Groundball, 6, EV 87.5 MPH)
|
| Top of the 4th over - 0 runs, 0 hits, 0 errors, 0 left on base; Louisville 1 - Reno 1 |
| BOTTOM OF THE 4TH |
|
Reno Aces batting - Pitching for Louisville Bats : RHP Hideki Kobayashi
|
|
Batting: RHB Dave Vargas
|
0-0: Ball 1-0: Ball 2-0: Ball 3-0: Called Strike 3-1: Base on Balls
|
|
Batting: LHB Jeff Taylor
|
0-0: Ball 1-0: Ball 2-0: Swinging Strike 2-1: Ball 3-1: Foul Ball, location: 2F 3-2: Strikes out swinging
|
|
Batting: RHB Ji-an Li
|
0-0: Ball 1-0: Foul Ball, location: 2F 1-1: Fly out, F8 (Line Drive, 8LS, EV 100.0 MPH)
|
|
Batting: LHB Ian Jarvis
|
0-0: Foul Ball, location: 2F 0-1: Ball 1-1: Ground out U3 (Groundball, 3, EV 108.1 MPH)
|
| Bottom of the 4th over - 0 runs, 0 hits, 0 errors, 1 left on base; Louisville 1 - Reno 1 |
| TOP OF THE 5TH |
|
Louisville Bats batting - Pitching for Reno Aces : LHP Rene Eenkhoorn
|
|
Batting: LHB Jake Bill
|
0-0: Foul Ball, location: 2F 0-1: Called Strike 0-2: Ball 1-2: Ball 2-2: Ball 3-2: Ground out 5-3 (Groundball, 56, EV 89.4 MPH)
|
|
Batting: RHB Chris Zamora
|
0-0: Fly out, F8 (Line Drive, 8LM, EV 95.6 MPH)
|
|
Batting: RHB Steve Anderson
|
0-0: Ball 1-0: Ball 2-0: Fly out, F9 (Flyball, 89S, EV 91.9 MPH)
|
| Top of the 5th over - 0 runs, 0 hits, 0 errors, 0 left on base; Louisville 1 - Reno 1 |
| BOTTOM OF THE 5TH |
|
Reno Aces batting - Pitching for Louisville Bats : RHP Hideki Kobayashi
|
|
Batting: LHB Steve Reinhart
|
0-0: Swinging Strike 0-1: SINGLE (Groundball, 56S, EV 60.0 MPH) (infield hit)
|
|
Batting: RHB Alex Vasquez
|
0-0: Fly out, F7 (Line Drive, 7LM, EV 92.5 MPH)
|
|
Batting: RHB Juan Espinoza
|
0-0: Foul Ball, location: 2F 0-1: Ball 1-1: Ball 2-1: Called Strike 2-2: Foul Ball, location: 2F 2-2: Ball 3-2: Strikes out looking
|
|
Batting: RHB Jon Solano
|
0-0: Swinging Strike 0-1: Foul Ball, location: 2F 0-2: Ball 1-2: Ground out 4-3 (Groundball, 4, EV 83.1 MPH)
|
| Bottom of the 5th over - 0 runs, 1 hit, 0 errors, 1 left on base; Louisville 1 - Reno 1 |
| TOP OF THE 6TH |
|
Louisville Bats batting - Pitching for Reno Aces : LHP Rene Eenkhoorn
|
|
Batting: LHB Manny Ruvalcaba
|
0-0: Swinging Strike 0-1: Ball 1-1: Ball 2-1: Foul Ball, location: 2F 2-2: Ground out 4-3 (Groundball, 4, EV 108.8 MPH)
|
|
Batting: RHB Solange Le Coq
|
0-0: Ball 1-0: Foul Ball, location: 2F 1-1: Ground out U3 (Groundball, 34, EV 91.2 MPH)
|
|
Batting: SHB Paul Sandoval
|
0-0: Ball 1-0: DOUBLE (Line Drive, 7LM, EV 99.4 MPH)
|
|
Batting: RHB Bruno André
|
0-0: Ball 1-0: Fly out, F7 (Flyball, 7, EV 92.5 MPH)
|
| Top of the 6th over - 0 runs, 1 hit, 0 errors, 1 left on base; Louisville 1 - Reno 1 |
| BOTTOM OF THE 6TH |
|
Reno Aces batting - Pitching for Louisville Bats : RHP Hideki Kobayashi
|
|
Batting: LHB Kyle Beaulieu
|
0-0: Ground out 5-3 (Groundball, 56, EV 78.1 MPH)
|
|
Batting: RHB Dave Vargas
|
0-0: Called Strike 0-1: Swinging Strike 0-2: Ball 1-2: Ball 2-2: Fly out, F9 (Flyball, 89M, EV 78.1 MPH)
|
|
Batting: LHB Jeff Taylor
|
0-0: Ball 1-0: Ball 2-0: DOUBLE (Groundball, 5L, EV 103.1 MPH)
|
|
Batting: RHB Ji-an Li
|
0-0: Foul Ball, location: 2F 0-1: Swinging Strike 0-2: Strikes out swinging
|
| Bottom of the 6th over - 0 runs, 1 hit, 0 errors, 1 left on base; Louisville 1 - Reno 1 |
| TOP OF THE 7TH |
|
Louisville Bats batting - Pitching for Reno Aces : LHP Rene Eenkhoorn
|
|
Batting: SHB Freddie Farrar
|
0-0: Swinging Strike 0-1: Ball 1-1: Ball 2-1: Ball 3-1: Foul Ball, location: 2F 3-2: SINGLE (Groundball, 6MD, EV 107.5 MPH)
|
|
Batting: RHB Chase Briney
|
Pickoff Play to 1st, Runner tries for 2nd, OUT after rundown. 0-0: Ball 1-0: Fly out, F4 (Line Drive, 4, EV 66.9 MPH)
|
|
Batting: LHB Jake Bill
|
0-0: Ball 1-0: Ground out 5-3 (Groundball, 56, EV 87.5 MPH)
|
| Top of the 7th over - 0 runs, 1 hit, 0 errors, 0 left on base; Louisville 1 - Reno 1 |
| BOTTOM OF THE 7TH |
|
Reno Aces batting - Pitching for Louisville Bats : RHP Hideki Kobayashi
|
|
Batting: LHB Ian Jarvis
|
0-0: Swinging Strike 0-1: Ball 1-1: Foul Ball, location: 2F 1-2: Strikes out looking
|
|
Batting: LHB Steve Reinhart
|
0-0: Ball 1-0: Ball 2-0: Ball 3-0: Called Strike 3-1: Base on Balls
|
|
Pitching: RHP Tim Beck
|
|
|
Batting: RHB Alex Vasquez
|
0-0: Ball 1-0: Swinging Strike 1-1: Foul Ball, location: 2F 1-2: Ball 2-2: Ball 3-2: Base on Balls Steve Reinhart to second
|
|
Pinch Hitting: LHB Bobby Arevalo
|
0-0: Called Strike 0-1: Swinging Strike 0-2: Ball 1-2: Foul Ball, location: 2F 1-2: Ball 2-2: Strikes out looking
|
|
Batting: RHB Jon Solano
|
0-0: Reached on error, E5 (Groundball, 56, EV 79.4 MPH) Steve Reinhart to third Alex Vasquez to second
|
|
Batting: LHB Kyle Beaulieu
|
0-0: Ball 1-0: Swinging Strike 1-1: Ball 2-1: Foul Ball, location: 2F 2-2: Ball 3-2: Base on Balls Steve Reinhart scores Alex Vasquez to third Jon Solano to second
|
|
Batting: RHB Dave Vargas
|
0-0: Called Strike 0-1: Ball 1-1: Ball 2-1: Foul Ball, location: 2F 2-2: Ground out 4-3 (Groundball, 4, EV 102.5 MPH)
|
| Bottom of the 7th over - 1 run, 0 hits, 1 error, 3 left on base; Louisville 1 - Reno 2 |
| TOP OF THE 8TH |
|
Louisville Bats batting - Pitching for Reno Aces : LHP Rene Eenkhoorn
|
|
Now in RF: Sumiki Okuhara
|
|
|
Batting: RHB Chris Zamora
|
0-0: Ball 1-0: Ball 2-0: SINGLE (Groundball, P, EV 87.5 MPH) (infield hit)
|
|
Batting: RHB Steve Anderson
|
0-0: Fly out, F7 (Flyball, 7D, EV 96.9 MPH)
|
|
Batting: LHB Manny Ruvalcaba
|
0-0: Ball 1-0: Ball 2-0: Swinging Strike 2-1: Ball 3-1: Base on Balls Chris Zamora to second
|
|
Batting: RHB Solange Le Coq
|
0-0: Bunt missed! 0-1: Ball 1-1: Bunt missed! 1-2: SINGLE (Groundball, 4MD, EV 103.1 MPH) Chris Zamora to third Manny Ruvalcaba to second
|
|
Batting: SHB Paul Sandoval
|
0-0: Foul Ball, location: 2F 0-1: Foul Ball, location: 2F 0-2: Ball 1-2: Foul Ball, location: 2F 1-2: Ball 2-2: Strikes out looking
|
|
Pitching: RHP Nick Burcham
|
|
|
Batting: RHB Bruno André
|
0-0: Called Strike 0-1: Ball 1-1: Ball 2-1: Ball 3-1: Base on Balls Chris Zamora scores Manny Ruvalcaba to third Solange Le Coq to second
|
|
Batting: SHB Freddie Farrar
|
0-0: Ball 1-0: Swinging Strike 1-1: Ball 2-1: Ball 3-1: Fielders Choice at 2nd, 5-4 (Groundball, 6, EV 86.9 MPH)
|
| Top of the 8th over - 1 run, 2 hits, 0 errors, 3 left on base; Louisville 2 - Reno 2 |
| BOTTOM OF THE 8TH |
|
Reno Aces batting - Pitching for Louisville Bats : RHP Tim Beck
|
|
Pitching: RHP Justin Ambrose
|
|
|
Batting: LHB Jeff Taylor
|
0-0: Ball 1-0: Foul Ball, location: 2F 1-1: Swinging Strike 1-2: SINGLE (Groundball, 4MD, EV 98.8 MPH)
|
|
Batting: RHB Ji-an Li
|
0-0: SINGLE (Groundball, 4MD, EV 99.4 MPH) Jeff Taylor to second Runner from 2nd tries for 3rd, OUT! 8-5 Ji-an Li to second
|
|
Batting: LHB Ian Jarvis
|
0-0: Swinging Strike 0-1: Ball 1-1: Ball 2-1: Ball 3-1: Foul Ball, location: 2F 3-2: Foul Ball, location: 2F 3-2: Fly out, F9 (Flyball, 9, EV 83.8 MPH)
|
|
Pitching: RHP Omar Vinson
|
|
|
Batting: LHB Steve Reinhart
|
0-0: Ball 1-0: Swinging Strike 1-1: Ball 2-1: Ball 3-1: Base on Balls
|
|
Batting: RHB Alex Vasquez
|
0-0: Ball 1-0: Ball 2-0: Called Strike 2-1: Ball 3-1: Foul Ball, location: 2F 3-2: Foul Ball, location: 2F 3-2: Strikes out swinging
|
| Bottom of the 8th over - 0 runs, 2 hits, 0 errors, 2 left on base; Louisville 2 - Reno 2 |
| TOP OF THE 9TH |
|
Louisville Bats batting - Pitching for Reno Aces : RHP Nick Burcham
|
|
Batting: RHB Chase Briney
|
0-0: Swinging Strike 0-1: Called Strike 0-2: Ball 1-2: Foul Ball, location: 2F 1-2: Strikes out swinging
|
|
Batting: LHB Jake Bill
|
0-0: Ground out 6-3 (Groundball, 6, EV 84.4 MPH)
|
|
Batting: RHB Chris Zamora
|
0-0: Ball 1-0: Ball 2-0: Ball 3-0: Called Strike 3-1: Foul Ball, location: 2F 3-2: Foul Ball, location: 2F 3-2: Strikes out swinging
|
| Top of the 9th over - 0 runs, 0 hits, 0 errors, 0 left on base; Louisville 2 - Reno 2 |
| BOTTOM OF THE 9TH |
|
Reno Aces batting - Pitching for Louisville Bats : RHP Omar Vinson
|
|
Pitching: LHP Zach Masengill
|
|
|
Batting: LHB Sumiki Okuhara
|
0-0: Foul Ball, location: 2F 0-1: Ball 1-1: Swinging Strike 1-2: Ground out 4-3 (Groundball, 4M, EV 105.0 MPH)
|
|
Batting: RHB Jon Solano
|
0-0: Called Strike 0-1: Ground out U3 (Groundball, 34, EV 101.2 MPH)
|
|
Batting: LHB Kyle Beaulieu
|
0-0: Ball 1-0: Called Strike 1-1: Ball 2-1: Ball 3-1: Ground out 4-3 (Groundball, 4, EV 87.5 MPH)
|
| Bottom of the 9th over - 0 runs, 0 hits, 0 errors, 0 left on base; Louisville 2 - Reno 2 |
| TOP OF THE 10TH |
|
Louisville Bats batting - Pitching for Reno Aces : RHP Nick Burcham
|
|
Pinch Hitting: LHB Satoru Handa
|
0-0: Ball 1-0: Ground out 6-3 (Groundball, 6, EV 84.4 MPH)
|
|
Batting: LHB Manny Ruvalcaba
|
0-0: Called Strike 0-1: Swinging Strike 0-2: SOLO HOME RUN (Flyball, 89XD, EV 110.6 MPH), Distance : 434 ft
|
|
Batting: RHB Solange Le Coq
|
0-0: Ball 1-0: Foul Ball, location: 2F 1-1: Ground out 5-3 (Groundball, 56, EV 86.2 MPH)
|
|
Batting: SHB Paul Sandoval
|
0-0: Called Strike 0-1: Ball 1-1: Ball 2-1: Called Strike 2-2: DOUBLE (Flyball, 78D, EV 91.9 MPH)
|
|
Batting: RHB Bruno André
|
0-0: Swinging Strike 0-1: Foul Ball, location: 2F 0-2: Ball 1-2: Foul Ball, location: 2F 1-2: Fly out, F3 (Popup, 3F, EV 68.1 MPH)
|
| Top of the 10th over - 1 run, 2 hits, 0 errors, 1 left on base; Louisville 3 - Reno 2 |
| BOTTOM OF THE 10TH |
|
Reno Aces batting - Pitching for Louisville Bats : LHP Zach Masengill
|
|
Pitching: LHP Jose Estrada
|
|
|
Now at C: Jung-keun Bai
|
|
|
Batting: RHB Dave Vargas
|
0-0: Swinging Strike 0-1: Ball 1-1: Foul Ball, location: 2F 1-2: Strikes out swinging
|
|
Batting: LHB Jeff Taylor
|
0-0: Ball 1-0: Called Strike 1-1: Foul Ball, location: 2F 1-2: Fly out, F6 (Popup, 6D, EV 50.0 MPH)
|
|
Batting: RHB Ji-an Li
|
0-0: Ball 1-0: Ball 2-0: Called Strike 2-1: Ball 3-1: Base on Balls
|
|
Batting: LHB Ian Jarvis
|
0-0: Ball 1-0: Foul Ball, location: 2F 1-1: Ball 2-1: Ball 3-1: Foul Ball, location: 2F 3-2: Strikes out looking
|
| Bottom of the 10th over - 0 runs, 0 hits, 0 errors, 1 left on base; Louisville 3 - Reno 2 |
|